 Dungeon Crawl Stone Soup version 0.18-a0-514-ga7d9996 (webtiles) character file.

127 Lektor the Slasher (level 4, 0/33 HPs)
             Began as a Demonspawn Gladiator on Dec 3, 2015.
             Succumbed to Crazy Yiuf's poison
             ... on level 2 of the Dungeon.
             The game lasted 00:06:11 (1237 turns).

Lektor the Slasher (Demonspawn Gladiator)           Turns: 1237, Time: 00:06:11

Health: 0/33       AC:  7    Str: 16    XL:     4   Next: 85%
Magic:  4/4        EV: 12    Int: 10    God:
Gold:   85         SH:  0    Dex: 13    Spells: 0 memorised, 3 levels left

rFire  . . .     SeeInvis .     a - +0 long sword
rCold  . . .     Clarity  .     h - +0 ring mail
rNeg   . . .     SustAt   .     (no shield)
rPois  .         Gourm    .     c - +0 helmet
rElec  .         Spirit   .     (no cloak)
rCorr  .         Dismiss  .     (no gloves)
rMut   .         Stasis   .     (no boots)
MR     .....                    (no amulet)
Stlth  +.........               (no ring)
                                (no ring)

@: lethally poisoned (0 -> -4), very slightly contaminated, slowed, invisible
(expiring), very slow, not resistant to hostile enchantments, very unstealthy
A: molten scales 1, rot immunity
a: no special abilities


You were on level 2 of the Dungeon.
You were not hungry.

You visited 1 branch of the dungeon, and saw 2 of its levels.

You collected 85 gold pieces.

Inventory:

Hand Weapons
 a - a +0 long sword (weapon)
 l - a +0 hunting sling
Missiles
 d - a throwing net (quivered)
 e - 30 sling bullets
 i - 41 stones
 o - 10 poisoned needles
Armour
 b - a +0 leather armour
 c - a +0 helmet (worn)
 h - a +0 ring mail (worn)
Scrolls
 f - a scroll of fog
 g - 2 scrolls of identify
 k - a scroll of teleportation {unknown}
 m - a scroll of remove curse {unknown}
Comestibles
 j - a chunk of flesh


   Skills:
 - Level 2.1 Fighting
 + Level 4.7 Long Blades
 - Level 1.8 Throwing
 - Level 0.3 Armour
 - Level 3.1 Dodging


You had 3 spell levels left.
You didn't know any spells.

Dungeon Overview and Level Annotations

Branches:
Dungeon (2/15)

Altars:


Innate Abilities, Weirdness & Mutations

You are partially covered in molten scales (AC +1).
You are immune to rotting.


Message History

* * * LOW HITPOINT WARNING * * *
You feel sick. Crazy Yiuf barely misses you.
Throwing (i - inventory. (,) - cycle):
d - 2 throwing nets (quivered)
Press: ? - help, Shift-Dir - straight line, f/p - Crazy Yiuf
Aim: Crazy Yiuf, wielding a quarterstaff of chaos and wearing a cloak (heavily wounded)
You throw a throwing net. The throwing net hits Crazy Yiuf.
Crazy Yiuf is caught in the net!
Crazy Yiuf is heavily wounded.
Crazy Yiuf struggles against the net.
Crazy Yiuf struggles to escape the net.
You slash Crazy Yiuf!
Crazy Yiuf is almost dead.
* * * LOW HITPOINT WARNING * * *
You feel sick.
Crazy Yiuf struggles against the net.
Crazy Yiuf struggles against the net.
You slash Crazy Yiuf!
You kill Crazy Yiuf!
* * * LOW HITPOINT WARNING * * *
You feel sick.
You flicker for a moment.
You die...

#... ####.[.
#...... #.#####
#.# ♣♣♣♣♣###.#
#### ♣♣♣)♣).#.#.#
#)))#♣))♣)......#
#())@)♣♣♣♣♣.....#
#)))#♣♣ ♣.#..##
#### ♣♣####


There were no monsters in sight!

Vanquished Creatures
  Crazy Yiuf (D:2)
  Ijyb (D:2)
  4 adders (D:2)
  An ooze (D:1)
  2 worms (D:2)
  2 giant cockroaches
  6 goblins
  3 hobgoblins
  2 ball pythons
  3 bats (D:2)
  A giant newt (D:1)
  6 kobolds
  2 rats (D:1)
34 creatures vanquished.

Notes
Turn   | Place    | Note
--------------------------------------------------------------
     0 | D:1      | Lektor the Demonspawn Gladiator began the quest for the Orb.
     0 | D:1      | Reached XP level 1. HP: 16/16 MP: 1/1
   189 | D:1      | Gained mutation: You are immune to rotting. [demonic ancestry]
   189 | D:1      | Reached XP level 2. HP: 16/22 MP: 2/2
   348 | D:1      | You fall through a shaft!
   360 | D:2      | Reached skill level 3 in Long Blades
   481 | D:1      | Gained mutation: You are partially covered in molten scales (AC +1). [demonic ancestry]
   481 | D:1      | Reached XP level 3. HP: 11/27 MP: 3/3
  1088 | D:2      | Noticed Ijyb
  1105 | D:2      | Killed Ijyb
  1105 | D:2      | Reached skill level 4 in Long Blades
  1105 | D:2      | Reached XP level 4. HP: 31/33 MP: 4/4
  1225 | D:2      | Noticed Crazy Yiuf
  1236 | D:2      | Killed Crazy Yiuf
  1236 | D:2      | HP: 1/33 [poisoned by Crazy Yiuf]
  1237 | D:2      | Succumbed to Crazy Yiuf's poison

Vault maps used:
D:1:      co_arrival_square_in_a_square_in_a_square, st_stairs_13
D:2:      lemuel_blue_sif_altar, nicolae_overflow_hidden_temple,
          corner_web_ring, serial_bayou_ford_a, uniq_iyjb,
          uniq_crazy_yiuf_cottage

Action                   |  1- 3 |  4- 6 || total
-------------------------+-------+-------++-------
Melee: Long sword        |    94 |    22 ||   116
 Fire: Hunting sling     |     7 |       ||     7
Throw: Throwing net      |       |     2 ||     2
  Use: Potion            |     1 |     1 ||     2
       Scroll            |       |     1 ||     1
  Eat: Bread ration      |     1 |       ||     1
